 Dungeon Crawl Stone Soup version 0.22.1-6-g1668fe2 (webtiles) character file.

53 dvd the Chopper (level 3, 0/18 HPs)
             Began as a Vine Stalker Gladiator on Jan 27, 2019.
             Slain by a goblin (3 damage)
             ... led by Robin
             ... on level 2 of the Dungeon.
             The game lasted 00:02:58 (1184 turns).

dvd the Chopper (Vine Stalker Gladiator)            Turns: 1184, Time: 00:02:59

Health: 0/18       AC:  4    Str: 17    XL:     3   Next: 89%
Magic:  0/4        EV: 13    Int:  8    God:
Gold:   42         SH:  0    Dex: 15    Spells: 2/2 levels left

rFire    . . .     SeeInvis +   a - +0 war axe
rCold    . . .     Gourm    .   (no shield)
rNeg     . . .     Faith    .   b - +0 leather armour
rPois    .         Spirit   +   c - +0 helmet
rElec    .         Reflect  .   (no cloak)
rCorr    .         Harm     .   (no gloves)
MR       .....                  (no boots)
Stlth    ..........             (no amulet)
HPRegen  0.06/turn              h - ring of attention (curse)
MPRegen  0.09/turn              m - ring of see invisible

@: no status effects
A: fangs 2, magic shield, antimagic bite, no potion heal 3, rot immunity
a: no special abilities


You were on level 2 of the Dungeon.
You were not hungry.

You visited 1 branch of the dungeon, and saw 2 of its levels.

You collected 42 gold pieces.

Inventory:

Hand Weapons
 a - a +0 war axe (weapon)
 o - a +2 hunting sling of freezing
Missiles
 d - 3 throwing nets (quivered)
Armour
 b - a +0 leather armour (worn)
 c - a +0 helmet (worn)
 g - a cursed +0 ring mail
Jewellery
 h - a cursed ring of attention (left hand)
 m - a ring of see invisible (right hand)
Scrolls
 j - a scroll of teleportation {unknown}
 k - a scroll of amnesia {unknown}
 n - a scroll of enchant armour {unknown}
 q - a scroll of magic mapping {unknown}
 r - a scroll of identify {unknown}
Potions
 e - a potion of haste {unknown}
 i - a potion of degeneration {unknown}
 l - 2 potions of brilliance {unknown}
Comestibles
 f - 4 rations
 p - a chunk of flesh


   Skills:
 + Level 2.0 Fighting
 + Level 3.3 Axes
 + Level 1.8 Throwing
 + Level 0.2 Armour
 + Level 3.1 Dodging
 + Level 0.8 Stealth


You had 2 spell levels left.
You didn't know any spells.
Your spell library was empty.

Dungeon Overview and Level Annotations

Branches:
Dungeon (2/15)

Altars:

Annotations:
D:2 Robin


Innate Abilities, Weirdness & Mutations

You have extremely sharp teeth.
When hurt, damage is shared between your health and your magic reserves.
Your bite disrupts and absorbs the magic of your enemies.
Potions cannot restore your health.
You are immune to rotting.


Message History

You feel invigorated.
The goblin is severely wounded.
The goblin no longer looks unusually strong.
The goblin closely misses you. Robin closely misses you. Robin misses you.
You hit Robin. You bite Robin. You drain her power.
Robin is heavily wounded.
You closely miss the goblin. The goblin barely misses you.
Robin roars a battlecry!
The goblin goes into a battle-frenzy!
You barely miss Robin. You bite Robin. You drain her power.
Robin is severely wounded.
You barely miss the goblin. The goblin hits you but does no damage.
Robin hits you with a spear. The goblin hits you.
* * * LOW HITPOINT WARNING * * *
Robin misses you.
You closely miss Robin. You bite Robin, but do no damage.
Robin is severely wounded.
You closely miss the goblin. The goblin hits you.
You die...

.##.######## #.# ##.## .##.# #.#
####...#######..
.##.##########.###......).).g.gg.
.##.#..............##...#######g#
.##..............#####.##
.####÷########.#.# #.#
.#.............#.# #.#
.#.##.##########g# #.# .#.##.#
#@# #g# ......# #g# #.# #######
#.# #.# #.# #.# #†#####.#
#...g.#g# #####.#.######
#))......# #.######.#


You could see Robin and a goblin.

Vanquished Creatures
  A gnoll (D:1)
  An ooze (D:1)
  3 dart slugs (D:1)
  A leopard gecko (D:2)
  A giant cockroach (D:2)
  7 goblins
  3 hobgoblins
  2 jackals (D:1)
  3 kobolds (D:1)
  A quokka (D:2)
  A bat (D:1)
  3 frilled lizards
  3 rats
30 creatures vanquished.

Notes
Turn   | Place    | Note
-------+----------+-------------------------------------------
     0 | D:1      | dvd the Vine Stalker Gladiator began the quest for the Orb.
     0 | D:1      | Reached XP level 1. HP: 11/11 MP: 2/2
    44 | D:1      | Reached XP level 2. HP: 10/15 MP: 1/3
   525 | D:1      | Reached XP level 3. HP: 6/18 MP: 1/4
  1142 | D:2      | Noticed Robin
  1184 | D:2      | Slain by a goblin

Skill      XL: |  1  2 |
---------------+-------+-----
Axes           | 3 |  3.3
Fighting       | 2 |  2.0
Dodging        | 3 |  3.1
Throwing       | |  1.8
Armour         | |  0.2
Stealth        | |  0.8

Action                   || total
-------------------------++-------
Melee: War axe           ||    64
       Bite              ||    15
 Stab: Sleeping          ||     1
  Eat: Chunk             ||     1
Armor: Leather armour    ||    19
Dodge: Dodged            ||    56
